 Dungeon Crawl Stone Soup version 0.27.0-65-ge2af304b15 (webtiles) character file.

Game seed: 16448913928007640367

191908 BOMJPIETVODKU the Transmogrifier (level 18, -2/182 HPs)
             Began as a Gnoll Earth Elementalist on Aug 19, 2021.
             Was the Champion of Cheibriados.
             Shot with an arrow by a deep elf master archer (6 damage)
             ... on level 3 of the Elven Halls.
             The game lasted 02:01:34 (34706 turns).

BOMJPIETVODKU the Transmogrifier (GnEE)            Turns: 34706, Time: 02:01:34

Health: -2/182     AC: 39    Str: 22    XL:     18   Next: 66%
Magic:  2/31       EV: 27    Int: 48    God:    Cheibriados [******]
Gold:   567        SH: 16    Dex: 31    Spells: 12/43 levels left

rFire    + . .     SeeInvis +   A - +4 long sword of Poverty {vorpal, rF+ rC+ Int+4 Dex+3}
rCold    + . .     Faith    .   f - +2 buckler
rNeg     + . .     Spirit   .   (armour currently unavailable)
rPois    ∞         Reflect  +   b - +2 hat
rElec    +         Harm     .   c - +2 cloak "Syngurche" {Fly Slay+3 Stlth+}
rCorr    .         Rampage  .   (gloves currently unavailable)
Will     ++...                  (boots currently unavailable)
Stlth    +++++++...             V - amulet of reflection
HPRegen  0.40/turn              R - ring "Gavyism Kyub" {rPois Will+ SInv}
MPRegen  0.22/turn              w - +6 ring of intelligence

@: about to teleport, statue-form, flying, very slightly contaminated, studying
Transmutations, very slow
A: slow and powerful, torment resistance 1, boosted hp, fangs 1, strong nose,
distributed training, horns 1, low mp 1, mutation resistance 1, wild magic 1
a: End Transformation, Renounce Religion, Bend Time, Temporal Distortion,
Slouch, Step From Time


You were on level 3 of the Elven Halls.
You worshipped Cheibriados.
Cheibriados was exalted by your worship.
You were a living statue of rough stone.
You visited 5 branches of the dungeon, and saw 24 of its levels.
You visited the Abyss 1 time.
You visited 1 bazaar.
You also visited: Desolation.

You collected 2412 gold pieces.
You spent 1845 gold pieces at shops.

Inventory:

Hand Weapons
 g - the +4 dagger "Morg" {pain, Will+ Int+5}
   (You found it in the Desolation of Salt)

   In the hands of one skilled in necromantic magic, it inflicts extra damage on
   living creatures.
   Int:       It affects your intelligence (+5).
   Will:      It increases your willpower.
 A - the +4 long sword of Poverty (weapon) {vorpal, rF+ rC+ Int+4 Dex+3}
   (You took it off a gnoll on level 7 of the Dungeon)

   It inflicts extra damage upon your enemies.
   Int:       It affects your intelligence (+4).
   Dex:       It affects your dexterity (+3).
   rF:        It protects you from fire.
   rC:        It protects you from cold.
 G - the +6 falchion of Taxation {flame, rElec}
   (You found it on level 8 of the Dungeon)

   It burns those it strikes, dealing additional fire damage.
   Big, fiery blades are also staple armaments of hydra-hunters.
   rElec:     It insulates you from electricity.
 X - a +2 vampiric demon blade
Missiles
 s - 83 stones
 v - 7 curare-tipped darts
 C - 2 throwing nets
Armour
 a - a +1 pair of boots (melded)
 b - a +2 hat (worn)
 c - the +2 cloak "Syngurche" (worn) {Fly Slay+3 Stlth+}
   (You found it in the Desolation of Salt)

   Slay:      It affects your accuracy & damage with ranged weapons and melee
   (+3).
   Fly:       It grants you flight.
   Stlth:     It makes you more stealthy.
 f - a +2 buckler (worn)
 n - a +1 kite shield of reflection
 I - a +0 pair of gloves (melded)
 L - +0 acid dragon scales (melded)
 Z - the +13 crystal plate armour "Buut" {rF++}
   (You found it in the Desolation of Salt)

   rF:        It greatly protects you from fire.
Jewellery
 k - the ring of Gufan {+Blink Fly rElec Str-5 SInv}
   (You found it in the Desolation of Salt)

   [ring of see invisible]

   Str:       It affects your strength (-5).
   rElec:     It insulates you from electricity.
   SInv:      It lets you see invisible.
   Fly:       It grants you flight.
   +Blink:    It lets you blink.
 u - a ring of resist corrosion
 w - a +6 ring of intelligence (right fist)
 M - an amulet of regeneration
 R - the ring "Gavyism Kyub" (left fist) {rPois Will+ SInv}
   (You bought it in a shop on level 1 of the Dungeon)

   [ring of willpower]

   rPois:     It protects you from poison.
   SInv:      It lets you see invisible.
   Will:      It increases your willpower.
 S - a ring of protection from cold
 V - an amulet of reflection (around neck)
 Y - the ring of Ciahagel {Fly rElec rC- Will+ Str+4}
   (You found it in the Desolation of Salt)

   [ring of willpower]

   Str:       It affects your strength (+4).
   rC:        It makes you vulnerable to cold.
   rElec:     It insulates you from electricity.
   Fly:       It grants you flight.
   Will:      It increases your willpower.
Wands
 l - a wand of iceblast (7)
 r - a wand of polymorph (11)
 z - a wand of paralysis (9)
 B - a wand of flame (47)
 T - a wand of digging (2)
Scrolls
 d - a scroll of enchant weapon
 h - 7 scrolls of teleportation
 o - 4 scrolls of fear
 x - a scroll of amnesia
 y - a scroll of identify
 E - 3 scrolls of fog
 H - a scroll of enchant armour
 U - 3 scrolls of summoning
Potions
 e - 6 potions of curing
 j - 3 potions of cancellation
 p - 2 potions of brilliance
 q - 2 potions of resistance
 t - 4 potions of mutation
 D - 6 potions of attraction
 F - a potion of lignification
 K - 5 potions of heal wounds
 N - 2 potions of flight
 W - a potion of magic
Miscellaneous
 i - a condenser vane
 m - a tin of tremorstones (2/2)


   Skills:
 + Level 12.3 Fighting
 + Level 12.3 Short Blades
 + Level 12.3 Long Blades
 + Level 12.3 Axes
 + Level 12.3 Maces & Flails
 + Level 12.3 Polearms
 + Level 12.3 Staves
 + Level 12.3 Slings
 + Level 12.3 Bows
 + Level 12.3 Crossbows
 + Level 12.3 Throwing
 + Level 12.3 Armour
 + Level 13.0 Dodging
 + Level 12.9 Stealth
 + Level 12.3 Shields
 + Level 12.3 Unarmed Combat
 + Level 13.1 Spellcasting
 + Level 10.5 Conjurations
 + Level 10.5 Hexes
 + Level 10.5 Summonings
 + Level 10.5 Necromancy
 + Level 10.5 Translocations
 + Level 13.3 Transmutations
 + Level 10.5 Fire Magic
 + Level 10.5 Ice Magic
 + Level 10.5 Air Magic
 + Level 11.7 Earth Magic
 + Level 10.5 Poison Magic
 + Level 13.2 Invocations
 + Level 12.3 Evocations


You had 12 spell levels left.
You knew the following spells:

 Your Spells              Type           Power      Damage    Failure   Level
a - Statue Form           Tmut/Erth      76%        N/A       1%          6
b - Passwall              Tmut/Erth      95%        N/A       1%          2
c - Stone Arrow           Conj/Erth      100%       3d13      1%          3
d - Wereblood             Tmut           100%       N/A       1%          2
e - Olgreb's Toxic Radia  Pois           100%       N/A       1%          4
f - Tukima's Dance        Hex            100%       N/A       1%          3
g - Irradiate             Conj/Tmut      56%        3d32      1%          5
h - Invisibility          Hex            53%        N/A       3%          6

Your spell library contained the following spells:

 Spells                   Type           Power      Damage    Failure   Level
 Animate Skeleton         Necr           100%       N/A       1%          1
 Apportation              Tloc           100%       N/A       1%          1
 Beastly Appendage        Tmut           100%       N/A       1%          1
 Corona                   Hex            100%       N/A       1%          1
 Sandblast                Erth           100%       2d20      1%          1
 Shock                    Conj/Air       100%       1d9       1%          1
 Sting                    Tmut/Pois      100%       1d8       1%          1
 Summon Small Mammal      Summ           100%       N/A       1%          1
 Corpse Rot               Necr/Air       N/A        N/A       1%          2
 Ensorcelled Hibernation  Hex/Ice        100%       N/A       1%          2
 Poisonous Vapours        Pois/Air       100%       N/A       1%          2
 Static Discharge         Conj/Air       100%       N/A       1%          2
 Sublimation of Blood     Necr           53%        N/A       1%          2
 Frozen Ramparts          Ice            100%       1d12      1%          3
 Gell's Gravitas          Tloc           53%        N/A       1%          3
 Lesser Beckoning         Tloc           53%        N/A       1%          3
 Ozocubu's Armour         Ice            100%       N/A       1%          3
 Spider Form              Tmut/Pois      56%        N/A       1%          3
 Teleport Other           Tloc           100%       N/A       1%          3
 Animate Armour           Summ/Erth      100%       N/A       1%          4
 Dispel Undead            Necr           100%       3d31      1%          4
 Fulminant Prism          Conj/Hex       53%        3d23      1%          4
 Ice Form                 Ice/Tmut       100%       N/A       1%          4
 Iskenderun's Mystic Bla  Conj/Tloc      100%       2d19      1%          4
 Leda's Liquefaction      Hex/Erth       55%        N/A       1%          4
 Passage of Golubria      Tloc           N/A        N/A       1%          4
 Petrify                  Tmut/Erth      100%       N/A       1%          4
 Sticky Flame             Conj/Fire      100%       2d11      1%          4
 Summon Ice Beast         Ice/Summ       100%       N/A       1%          4
 Alistair's Intoxication  Tmut/Pois      75%        N/A       1%          5
 Blade Hands              Tmut           59%        N/A       1%          5
 Bolt of Magma            Conj/Fire/Erth 54%        4d22      1%          5
 Fireball                 Conj/Fire      53%        3d21      1%          5
 Iskenderun's Battlesphe  Conj           100%       2d15      1%          5
 Lee's Rapid Deconstruct  Erth           56%        3d27*     1%          5
 Silence                  Hex/Air        53%        N/A       1%          5
 Yara's Violent Unravell  Hex/Tmut       56%        3d21      1%          5
 Conjure Ball Lightning   Conj/Air       53%        3x3d18    3%          6
 Dispersal                Tloc           53%        N/A       3%          6
 Malign Gateway           Summ/Tloc      53%        N/A       13%         7
 Orb of Destruction       Conj           53%        9d16      13%         7
 Ozocubu's Refrigeration  Ice            53%        4d15      13%         7
 Necromutation            Tmut/Necr      56%        N/A       45%         8
 Lehudib's Crystal Spear  Conj/Erth      55%        10d13     54%         8
 Summon Horrible Things   Summ           53%        N/A       63%         8
 Chain Lightning          Conj/Air       53%        3d71      100%        9


Dungeon Overview and Level Annotations

Branches:
Dungeon (12/15)            Temple (1/1) D:7            Lair (6/6) D:8
  Swamp (0/4) Lair:4       Spider (0/4) Lair:4        Slime (0/5) Lair:6
    Orc (2/2) D:11            Elf (3/3) Orc:2       Desolation (visited)

Altars:
Ashenzari
Cheibriados
Dithmenos
Elyvilon
Fedhas
Kikubaaqudgha
Makhleb
Nemelex Xobeh
Okawaru
Qazlal
Ru
Uskayaw
Yredelemnul
The Shining One
Beogh

Shops:
D:1 =   D:2 =   Orc:2 !:[(   Elf:1 !


Innate Abilities, Weirdness & Mutations

You are a living statue of rough stone.
Your actions are slow, but your melee attacks are powerful.
You are resistant to unholy torment.
Your maximum health is greatly increased.
You are immune to poison.
Your equipment is partially melded.
You have very sharp teeth.
Your uncanny sense of smell can sniff out nearby items.
Your experience applies equally to all skills.
You have a pair of small horns on your head.
Your magical capacity is low. (-10% MP)
You are somewhat resistant to further mutation.
Your spells are a little harder to cast, but a little more powerful.


Message History

The arrow misses you.
The deep elf zephyrmancer gestures at you while chanting.
The bolt of lightning misses you.
The deep elf blademaster hits you but does no damage.
The deep elf blademaster hits you with a +0 rapier.
The deep elf master archer shoots an arrow.
The arrow hits you!
You block the +0 halberd of venom's attack.
The deep elf master archer shoots an arrow.
The arrow hits you but does no damage.
The deep elf zephyrmancer gestures at you while chanting.
The bolt of lightning misses you.
The deep elf blademaster closely misses you.
You riposte.
You closely miss the deep elf blademaster.
Your headbutt misses the deep elf blademaster.
You bite the deep elf blademaster!
The deep elf blademaster is severely wounded.
The deep elf blademaster closely misses you.
A deep elf sorcerer comes into view. It is wielding a +0 rapier.
The deep elf master archer shoots an arrow.
The arrow hits you!!
Things that are here:
a +0 rapier; a +0 rapier; a +0 leather armour
As you read the scroll of teleportation, it crumbles to dust.
You feel strangely unstable.
The +0 halberd of venom barely misses you.
You block the deep elf blademaster's attack. x2
You block the deep elf elementalist's attack.
The deep elf annihilator gestures at you while chanting.
The crystal spear hits you!!!
* * * LOW HITPOINT WARNING * * *
The deep elf master archer shoots an arrow.
The arrow hits you but does no damage.
The +0 halberd of venom hits you but does no damage.
The deep elf blademaster completely misses you.
You block the deep elf blademaster's attack.
The deep elf master archer shoots an arrow.
The arrow hits you.
You die...

#.# #.# #.# #.#
###.###
###.....###
.###....))...###
.....).e.)......
......e8e(...e..
................
.e...e..#..)....
.......###e.....
e.......#.......
................
.(............[.
...............


You could see a deep elf blademaster (very poisoned, misshapen), a deep elf
master archer (poisoned), 2 deep elf annihilators, a deep elf sorcerer, a deep
elf elementalist (fast, repels missiles), 2 deep elf zephyrmancers and a +0
halberd of venom.

Vanquished Creatures
  Saint Roka (Orc:2)
  A bone dragon (Abyss:2)
  3 deep elf blademasters
  2 deep elf master archers (Elf:3)
  A tentacled starspawn (Abyss:2)
  A daeva (Abyss:2)
  4 imperial myrmidons (Desolation)
  4 deep elf sorcerers
  4 deep elf elementalists
  A deep elf demonologist (Elf:2)
  2 deep elf annihilators (Elf:3)
  A minotaur (D:11)
  A halazid warlock (Desolation)
  The ghost of Ruewk the Archer, a journeyman CeAM of Okawaru (Lair:5)
  A crystal guardian (Desolation)
  The ghost of Ijustatesigmund the Cleaver, a journeyman HOFi of Cheibriados (D:11)
  Fannar (D:10)
  8 servants of whispers (Desolation)
  11 hydras
  2 catoblepae (Lair:6)
  A death knight (D:7)
  Erica (D:8)
  A boulder beetle (Lair:4)
  7 peacekeepers (Desolation)
  Harold (Orc:1)
  7 ragged hierophants (Desolation)
  28 dancing weapons
  10 death yaks
  A two-headed ogre (D:12)
  5 orc high priests
  18 deep elf knights
  A thrashing horror (Abyss:2)
  11 deep elf archers
  7 ironbound convokers (Desolation)
  An orb spider (Lair:4)
  A lindwurm (Lair:6)
  An anaconda skeleton (Abyss:2)
  16 deep elf zephyrmancers
  2 orc knights
  An oklob plant (Lair:2)
  21 deep elf pyromancers
  2 orc sorcerers (Orc:2)
  A cyclops (D:7)
  A manticore (D:11)
  7 black mambas
  2 centaur zombies
  2 molten gargoyles (Desolation)
  11 cane toads
  13 elephants
  2 smoke demons (Abyss:2)
  6 guardian serpents (Desolation)
  2 torpor snails
  3 gargoyles
  2 efreet (Abyss:2)
  2 kobold demonologists (D:10)
  6 rime drakes
  20 komodo dragons
  An ancient zyme (Abyss:2)
  6 trolls
  3 hornets
  72 saltlings (Desolation)
  2 polar bears (Lair:5)
  19 blink frogs
  14 dream sheep (Lair:6)
  2 large abominations (Abyss:2)
  2 air elementals
  A shadow (D:11)
  A wyvern (D:10)
  73 yaks
  A vampire (D:11)
  2 water elementals
  3 wraiths
  A ynoxinul (Abyss:2)
  2 fire elementals (Elf:2)
  5 basilisks
  A steam dragon (D:9)
  4 vampire mosquitoes (D:8)
  A swamp worm (Lair:4)
  2 acid dragons
  23 water moccasins
  An ice beast (D:5)
  29 orc warriors
  4 black bears
  A necrophage (D:6)
  10 ogres
  The ghost of Banquo the Magician, an amateur DjWr (D:3)
  16 wolves
  A phantom (D:5)
  3 kobold brigands
  A water moccasin zombie (D:7)
  19 bullfrogs
  3 scorpions
  A gnoll sergeant (D:11)
  3 earth elementals
  A wyvern zombie (D:8)
  2 small abominations (Abyss:2)
  2 wyvern skeletons
  A water moccasin skeleton (D:4)
  6 killer bees
  9 wights
  2 vampire bats (Lair:5)
  2 electric eels
  4 howler monkeys
  6 hounds
  A gnoll shaman (D:9)
  13 orc priests
  13 iguanas
  An iron imp (Abyss:2)
  A centaur skeleton (D:7)
  22 orc wizards
  A killer bee zombie (D:9)
  A hound skeleton (D:4)
  A howler monkey zombie (D:6)
  7 adders
  13 gnolls
  2 shadow imps
  A dart slug (D:4)
  95 orcs
  6 ball pythons
  6 endoplasms
  4 giant cockroaches
  2 goblins
  7 hobgoblins
  4 jackals (D:1)
  19 kobolds
  3 quokkas
  11 bats
  15 frilled lizards (Lair:3)
  5 rats
  A pillar of salt (Desolation)
  2 starspawn tentacles (Abyss:2)
901 creatures vanquished.

Vanquished Creatures (collateral kills)
  Grum (D:8)
1 creature vanquished.

Vanquished Creatures (others)
  A deep elf knight (Elf:1)
  A deep elf archer (Elf:3)
  A deep elf pyromancer (Elf:3)
  2 deep elf zephyrmancers
  2 smoke demons (Abyss:2)
  An efreet (Abyss:2)
  30 fungi
  3 pillars of salt (Elf:2)
  33 plants
  A withered plant (Desolation)
75 creatures vanquished.

Grand Total: 977 creatures vanquished

Notes
Turn   | Place    | Note
-------+----------+-------------------------------------------
     0 | D:1      | BOMJPIETVODKU the Gnoll Earth Elementalist began the quest
                  | for the Orb.
     0 | D:1      | Reached XP level 1. HP: 13/13 MP: 6/6
   307 | D:1      | Reached XP level 2. HP: 19/19 MP: 4/7
   367 | D:1      | Found a faded altar of an unknown god.
   552 | D:1      | Found Garr's Jewellery Shoppe.
  1161 | D:2      | Reached skill level 5 in Spellcasting
  1161 | D:2      | Reached XP level 3. HP: 3/25 MP: 6/9
  1294 | D:2      | Found Woqa Gosakux's Jewellery Emporium.
  1733 | D:2      | Reached skill level 1 in Invocations
  1828 | D:2      | Reached skill level 1 in Fighting
  1828 | D:2      | Reached skill level 1 in Short Blades
  1828 | D:2      | Reached skill level 1 in Long Blades
  1828 | D:2      | Reached skill level 1 in Axes
  1828 | D:2      | Reached skill level 1 in Maces & Flails
  1828 | D:2      | Reached skill level 1 in Polearms
  1828 | D:2      | Reached skill level 1 in Staves
  1828 | D:2      | Reached skill level 1 in Slings
  1828 | D:2      | Reached skill level 1 in Bows
  1828 | D:2      | Reached skill level 1 in Crossbows
  1828 | D:2      | Reached skill level 1 in Throwing
  1828 | D:2      | Reached skill level 1 in Armour
  1828 | D:2      | Reached skill level 1 in Shields
  1828 | D:2      | Reached skill level 1 in Unarmed Combat
  1828 | D:2      | Reached skill level 1 in Evocations
  2201 | D:2      | Reached XP level 4. HP: 29/32 MP: 11/11
  2936 | D:3      | Reached skill level 1 in Conjurations
  2936 | D:3      | Reached skill level 1 in Hexes
  2936 | D:3      | Reached skill level 1 in Summonings
  2936 | D:3      | Reached skill level 1 in Necromancy
  2936 | D:3      | Reached skill level 1 in Translocations
  2936 | D:3      | Reached skill level 1 in Fire Magic
  2936 | D:3      | Reached skill level 1 in Ice Magic
  2936 | D:3      | Reached skill level 1 in Air Magic
  2936 | D:3      | Reached skill level 1 in Poison Magic
  2950 | D:3      | Reached XP level 5. HP: 26/37 MP: 12/12
  3371 | D:3      | Found a runed translucent gate.
  3372 | D:3      | Found a runed translucent gate.
  3372 | D:3      | Found a runed translucent gate.
  3374 | D:3      | Noticed Banquo's ghost (amateur DjWr)
  3387 | D:3      | Killed Banquo's ghost
  4124 | D:3      | Reached XP level 6. HP: 30/44 MP: 13/13
  5114 | D:4      | Learned a level 2 spell: Passwall
  5118 | D:4      | Learned a level 3 spell: Stone Arrow
  5149 | D:4      | Reached skill level 5 in Dodging
  5356 | D:4      | Found a white marble altar of Elyvilon.
  5857 | D:5      | Entered Level 5 of the Dungeon
  5927 | D:5      | Learned a level 2 spell: Wereblood
  5956 | D:5      | Found a sacrificial altar of Ru.
  5995 | D:5      | Reached XP level 7. HP: 47/50 MP: 5/15
  6066 | D:5      | Got the Almanac of Weightlessness
  6440 | D:5      | Reached skill level 5 in Stealth
  7501 | D:6      | Reached XP level 8. HP: 46/57 MP: 9/16
  8190 | D:6      | Noticed a hornet
  8199 | D:6      | Killed a hornet
  8358 | D:6      | Noticed a gargoyle
  8366 | D:6      | Killed a gargoyle
  8367 | D:6      | Reached XP level 9. HP: 23/65 MP: 7/18
  8447 | D:6      | Learned a level 4 spell: Olgreb's Toxic Radiance
  9883 | D:7      | Noticed a cyclops
  9920 | D:7      | Identified the +4 long sword of Poverty {vorpal, rF+ rC+
                  | Int+4 Dex+3}
  9944 | D:7      | Reached skill level 5 in Invocations
  9971 | D:7      | Noticed a death knight
 10601 | D:7      | Killed a death knight
 10602 | D:7      | Reached skill level 5 in Fighting
 10602 | D:7      | Reached skill level 5 in Short Blades
 10602 | D:7      | Reached skill level 5 in Long Blades
 10602 | D:7      | Reached skill level 5 in Axes
 10602 | D:7      | Reached skill level 5 in Maces & Flails
 10602 | D:7      | Reached skill level 5 in Polearms
 10602 | D:7      | Reached skill level 5 in Staves
 10602 | D:7      | Reached skill level 5 in Slings
 10602 | D:7      | Reached skill level 5 in Bows
 10602 | D:7      | Reached skill level 5 in Crossbows
 10602 | D:7      | Reached skill level 5 in Throwing
 10602 | D:7      | Reached skill level 5 in Armour
 10602 | D:7      | Reached skill level 5 in Shields
 10602 | D:7      | Reached skill level 5 in Unarmed Combat
 10602 | D:7      | Reached skill level 5 in Evocations
 10602 | D:7      | Reached XP level 10. HP: 26/74 MP: 0/20
 10928 | D:7      | Found a staircase to the Ecumenical Temple.
 10941 | D:7      | Killed a cyclops
 10951 | Temple   | Entered the Ecumenical Temple
 11022 | Temple   | Became a worshipper of Cheibriados the Contemplative
 11293 | D:7      | Noticed a gargoyle
 11298 | D:7      | Killed a gargoyle
 11424 | D:8      | Noticed Erica
 11459 | D:8      | Killed Erica
 11460 | D:8      | Reached skill level 5 in Transmutations
 12232 | D:8      | Learned a level 3 spell: Tukima's Dance
 12362 | D:8      | Reached * piety under Cheibriados
 12468 | D:8      | Found a staircase to the Lair.
 12495 | D:8      | Reached XP level 11. HP: 66/81 MP: 8/22
 12868 | D:8      | Reached skill level 5 in Conjurations
 12868 | D:8      | Reached skill level 5 in Hexes
 12868 | D:8      | Reached skill level 5 in Summonings
 12868 | D:8      | Reached skill level 5 in Necromancy
 12868 | D:8      | Reached skill level 5 in Translocations
 12868 | D:8      | Reached skill level 5 in Fire Magic
 12868 | D:8      | Reached skill level 5 in Ice Magic
 12868 | D:8      | Reached skill level 5 in Air Magic
 12868 | D:8      | Reached skill level 5 in Poison Magic
 13047 | D:8      | Noticed Grum
 13057 | D:8      | Killed Grum
 13066 | D:8      | Reached ** piety under Cheibriados
 13332 | D:8      | Identified the +6 falchion of Taxation {flame, rElec}
 14498 | D:10     | Entered Level 10 of the Dungeon
 14768 | D:10     | Identified the +1 ring mail "Kasomni" {rElec rN+ Int-4}
 15045 | D:10     | Reached *** piety under Cheibriados
 15353 | D:10     | Noticed Fannar
 15359 | D:10     | Killed Fannar
 15429 | D:10     | You fall into a shaft and drop 2 floors!
 15431 | D:12     | Noticed a deep elf pyromancer
 15464 | D:12     | Noticed a centaur warrior
 15497 | D:12     | Noticed a deep elf pyromancer
 15500 | D:12     | Noticed a deep elf pyromancer
 15519 | D:12     | Killed a deep elf pyromancer
 15526 | D:12     | Killed a deep elf pyromancer
 15527 | D:12     | Reached XP level 12. HP: 60/89 MP: 17/24
 15527 | D:12     | Noticed a two-headed ogre
 15532 | D:12     | Killed a two-headed ogre
 15701 | D:11     | Reached **** piety under Cheibriados
 15923 | D:11     | Noticed a four-headed hydra
 15930 | D:11     | Killed a four-headed hydra
 16166 | D:11     | Found a staircase to the Orcish Mines.
 16181 | D:11     | Noticed a five-headed hydra
 16181 | D:11     | Noticed a minotaur
 16182 | D:11     | Noticed Ijustatesigmund's ghost (journeyman HOFi)
 16206 | D:11     | Found a runed translucent gate.
 16206 | D:11     | Found a runed translucent gate.
 16206 | D:11     | Found a runed translucent gate.
 16221 | D:11     | Killed a five-headed hydra
 16255 | D:11     | Killed Ijustatesigmund's ghost
 16589 | D:11     | Learned a level 5 spell: Irradiate
 16608 | D:11     | Killed a minotaur
 17446 | D:1      | Bought the ring "Gavyism Kyub" {rPois Will+ SInv} for 565
                  | gold pieces
 17764 | Lair:1   | Entered Level 1 of the Lair of Beasts
 18097 | Lair:1   | Noticed a seven-headed hydra
 18104 | Lair:1   | Killed a seven-headed hydra
 18583 | Lair:1   | Reached ***** piety under Cheibriados
 18859 | Lair:2   | Reached XP level 13. HP: 85/98 MP: 22/26
 18938 | Lair:2   | Found a burning altar of Makhleb.
 20682 | Lair:3   | Reached ****** piety under Cheibriados
 20913 | Lair:3   | Reached skill level 10 in Spellcasting
 21736 | Lair:3   | Reached XP level 14. HP: 91/106 MP: 28/28
 21962 | Lair:4   | Reached skill level 10 in Dodging
 22310 | Lair:4   | Learned a level 6 spell: Invisibility
 22359 | Lair:4   | Reached skill level 10 in Stealth
 22681 | Lair:4   | Reached skill level 10 in Invocations
 23691 | Lair:4   | Found a hole to the Spider Nest.
 23972 | Lair:4   | Found a staircase to the Swamp.
 24536 | Lair:5   | Noticed Ruewk's ghost (journeyman CeAM)
 24539 | Lair:5   | Found a runed translucent door.
 24571 | Lair:5   | Killed Ruewk's ghost
 25657 | Lair:6   | Entered Level 6 of the Lair of Beasts
 25657 | Lair:6   | Found a staircase to the Slime Pits.
 25964 | Lair:6   | Reached XP level 15. HP: 111/115 MP: 23/29
 26012 | Lair:6   | Reached skill level 10 in Transmutations
 26257 | Lair:6   | Learned a level 3 spell: Ozocubu's Armour
 26414 | Lair:6   | Reached skill level 10 in Earth Magic
 26585 | Lair:6   | Reached skill level 10 in Fighting
 26585 | Lair:6   | Reached skill level 10 in Short Blades
 26585 | Lair:6   | Reached skill level 10 in Long Blades
 26585 | Lair:6   | Reached skill level 10 in Axes
 26585 | Lair:6   | Reached skill level 10 in Maces & Flails
 26585 | Lair:6   | Reached skill level 10 in Polearms
 26585 | Lair:6   | Reached skill level 10 in Staves
 26585 | Lair:6   | Reached skill level 10 in Slings
 26585 | Lair:6   | Reached skill level 10 in Bows
 26585 | Lair:6   | Reached skill level 10 in Crossbows
 26585 | Lair:6   | Reached skill level 10 in Throwing
 26585 | Lair:6   | Reached skill level 10 in Armour
 26585 | Lair:6   | Reached skill level 10 in Shields
 26585 | Lair:6   | Reached skill level 10 in Unarmed Combat
 26585 | Lair:6   | Reached skill level 10 in Evocations
 27036 | Orc:1    | Entered Level 1 of the Orcish Mines
 27128 | Orc:1    | Noticed Harold
 27137 | Orc:1    | Killed Harold
 27365 | Orc:2    | Entered Level 2 of the Orcish Mines
 28012 | Orc:2    | Found Esusmoimm's Book Emporium.
 28017 | Orc:2    | Bought a book of Stone for 576 gold pieces
 28024 | Orc:2    | Learned a level 6 spell: Statue Form
 28147 | Orc:2    | Found Elasoih's Distillery.
 28443 | Orc:2    | Found a staircase to the Elven Halls.
 28606 | Orc:2    | Noticed Saint Roka
 28629 | Orc:2    | Killed Saint Roka
 28870 | Orc:2    | Found Gusai's Antique Armour Emporium.
 28872 | Orc:2    | Found Xuedghoug's Antique Weapon Shoppe.
 29148 | Orc:2    | Bought a potion of heal wounds for 80 gold pieces
 29148 | Orc:2    | Bought a potion of magic for 128 gold pieces
 29148 | Orc:2    | Bought a potion of heal wounds for 80 gold pieces
 29148 | Orc:2    | Bought a potion of heal wounds for 80 gold pieces
 29148 | Orc:2    | Bought a potion of brilliance for 64 gold pieces
 29228 | Elf:1    | Entered Level 1 of the Elven Halls
 29274 | Elf:1    | Noticed a deep elf elementalist
 29282 | Elf:1    | Killed a deep elf elementalist
 29395 | Elf:1    | Reached XP level 16. HP: 83/123 MP: 11/31
 30057 | Elf:1    | Found Mivo's Distillery.
 30172 | Elf:1    | Paralysed by an air elemental for 1 turns
 30542 | Elf:2    | Found a crumbling gateway.
 30592 | Desolati | Entered the Desolation of Salt
 30635 | Desolati | Gained mutation: You have a pair of small horns on your
                  | head. [mutagenic glow]
 30761 | Desolati | Gained mutation: You are somewhat resistant to further
                  | mutation. [mutagenic glow]
 30776 | Desolati | Found the +7 mace of Variability {chain chaos}
 31020 | Desolati | Identified the ring of Ciahagel {Fly rElec rC- Will+ Str+4}
 31023 | Desolati | Identified the +13 crystal plate armour "Buut" {rF++}
 31396 | Desolati | Found the +4 dagger "Morg" {pain, Will+ Int+5}
 31405 | Desolati | Reached XP level 17. HP: 131/131 MP: 8/33
 31420 | Desolati | Got Kesupt's Handbook of Hurtful Enchantment
 31423 | Desolati | Got the Guide on Conjuration and Transmutation
 31428 | Desolati | Identified the +2 cloak "Syngurche" {Fly Slay+3 Stlth+}
 31525 | Desolati | Identified the ring of Gufan {+Blink Fly rElec Str-5 SInv}
 32243 | Elf:2    | Found a runed translucent gate.
 32243 | Elf:2    | Found a runed translucent gate.
 32243 | Elf:2    | Found a runed translucent gate.
 32293 | Elf:2    | Cast into level 2 of the Abyss (+0 halberd of distortion)
 32510 | Abyss:2  | Noticed a tentacled starspawn
 32514 | Abyss:2  | Killed a tentacled starspawn
 32542 | Abyss:2  | Noticed a bone dragon
 32556 | Abyss:2  | Gained mutation: Your spells are a little harder to cast,
                  | but a little more powerful. [mutagenic glow]
 32558 | Abyss:2  | Killed a bone dragon
 32562 | Abyss:2  | Reached skill level 10 in Conjurations
 32562 | Abyss:2  | Reached skill level 10 in Hexes
 32562 | Abyss:2  | Reached skill level 10 in Summonings
 32562 | Abyss:2  | Reached skill level 10 in Necromancy
 32562 | Abyss:2  | Reached skill level 10 in Translocations
 32562 | Abyss:2  | Reached skill level 10 in Fire Magic
 32562 | Abyss:2  | Reached skill level 10 in Ice Magic
 32562 | Abyss:2  | Reached skill level 10 in Air Magic
 32562 | Abyss:2  | Reached skill level 10 in Poison Magic
 32565 | Elf:2    | Escaped the Abyss
 32581 | Elf:2    | Gained mutation: Your magical capacity is low. (-10% MP)
                  | [mutagenic glow]
 33471 | Elf:2    | Reached XP level 18. HP: 140/140 MP: 31/31
 33472 | Elf:2    | Noticed a deep elf blademaster
 33482 | Elf:2    | Killed a deep elf blademaster
 34040 | Elf:3    | Entered Level 3 of the Elven Halls
 34480 | Elf:3    | Found a flickering gateway to a bazaar.
 34490 | Bazaar   | Entered a bazaar
 34495 | Bazaar   | Found Teguyc's Distillery.
 34514 | Bazaar   | Found Ycan's Jewellery Emporium.
 34531 | Bazaar   | Found Sododiclag's Antique Weapon Boutique.
 34548 | Bazaar   | Found Vilije's Antique Weapon Shoppe.
 34571 | Bazaar   | Bought a potion of curing for 24 gold pieces
 34571 | Bazaar   | Bought a potion of mutation for 64 gold pieces
 34571 | Bazaar   | Bought a potion of heal wounds for 40 gold pieces
 34571 | Bazaar   | Bought a potion of mutation for 64 gold pieces
 34571 | Bazaar   | Bought a potion of resistance for 80 gold pieces
 34694 | Elf:3    | Noticed a deep elf master archer
 34694 | Elf:3    | Noticed a deep elf master archer
 34696 | Elf:3    | Noticed a deep elf blademaster
 34698 | Elf:3    | Noticed a deep elf blademaster
 34699 | Elf:3    | Noticed a deep elf blademaster
 34700 | Elf:3    | Noticed a deep elf master archer
 34700 | Elf:3    | Killed a deep elf master archer
 34701 | Elf:3    | Killed a deep elf master archer
 34701 | Elf:3    | Killed a deep elf blademaster
 34704 | Elf:3    | Killed a deep elf blademaster
 34706 | Elf:3    | HP: 4/182 [deep elf annihilator/crystal spear (55)]
 34706 | Elf:3    | Shot with an arrow by a deep elf master archer

Illustrated notes

Levels and vault maps discovered:
D:1:      shiori_arrival_maze, layout_basic, serial_shops, shop_fountains,
          chequers_ecumenical_altar_island
D:2:      layout_loops_cross, serial_shops,
          nicolae_shop_temple_entry_statues_fountains
D:3:      layout_loops_corners, ebering_ghost_rock_garden, grunt_ministairs_1,
          chequers_serial_rivers_marsh
D:4:      layout_loops_ring, kennysheep_little_box, minmay_stone_trees_small
D:5:      layout_layer_cave, overflow_temple_1_default
D:6:      layout_layer_cave
D:7:      minmay_the_grid_square_5x5_3x3 [minmay_the_grid_square_5x5_bracketed,
          minmay_the_grid_square_5x5_tri_point, minmay_the_grid_square_5x5_meh,
          minmay_the_grid_square_5x5_shrine2,
          minmay_the_grid_square_5x5_megaprize_checkered,
          minmay_the_grid_square_5x5_three, minmay_the_grid_square_5x5_shrine1,
          minmay_the_grid_square_5x5_c, minmay_the_grid_square_5x5_comb],
          layout_loops_ring, minmay_temple_entry_drinking_statues
D:8:      layout_layer_cave, erik_lair_island, minmay_misc_feat_columns,
          uniq_grum, uniq_erica
D:9:      layout_loops_ring, grunt_decor_clamped
D:10:     layout_basic, uniq_fannar
D:11:     layout_layer_cave, david_orc_2, maelrawn_ghost_gauntlet_escape,
          portal_ice_cave_entry_pillars_1
D:12:     layout_basic, grunt_ogre_cave, minmay_diamond_spiral, uniq_azrael
Temple:   regret_index_temple_chain_breaker
Lair:1:   layout_regular_city, grunt_megastairs_4, lemuel_fruit_tree,
          infiniplex_staircase_pool
Lair:2:   layout_cave_pods, basic_altar, minmay_lair_oklob_chamber,
          serial_bayou_shore_b, grunt_megastairs_2
Lair:3:   lemuel_reptile_caves, layout_regular_city, st_stairs_13,
          beast_lair_carwin_9, lemuel_fruit_fields
Lair:4:   layout_cellular_growth, palyth_hydra_swamp_entry,
          nicolae_spider_entry_orb_guardian
Lair:5:   layout_cave_pods, hellmonk_ghost_happy_afterlife, roderic_batcave,
          grunt_megastairs_5
Lair:6:   hangedman_lair_in_review, layout_hall_layers, slime_dummy
Orc:1:    layout_caves, uniq_harold
Orc:2:    grunt_orc_community_town_hall, layout_diamond_mine,
          grunt_orc_community_big_house_1, grunt_orc_community_big_house_2,
          grunt_orc_community_house_1, grunt_orc_community_house_2,
          grunt_orc_community_house_3, grunt_orc_community_house_2,
          grunt_orc_community_house_1
Elf:1:    nicolae_elf_arrival_fired_up, layout_geoelf_diagonals, serial_shops,
          shop, hangedman_elven_crosses_minicolossus
Elf:2:    elven_hall_of_blades_hangedman_original
          [nicolae_blade_entry_crossed_weapons], layout_loops_cross,
          portal_desolation_entry_garden, lemuel_flamethrower_3
Elf:3:    minmay_elf_hall, layout_gridlike, serial_shops, bzr_firewalk

Skill      XL: |  1  2  3  4  5  6  7  8  9 10 11 12 13 14 15 16 17 18 |
---------------+-------------------------------------------------------+-----
Transmutations | 2 3 4 5 6 7 8 9 10 11 12 13 | 13.3
Spellcasting   | 5 6 7 8 9 10 11 12 13 | 13.1
Invocations    | 1 2 3 4 5 6 7 8 9 10 11 12 13 | 13.2
Fighting       | 1 2 3 5 6 7 8 9 10 11 12 | 12.3
Short Blades   | 1 2 3 5 6 7 8 9 10 11 12 | 12.3
Long Blades    | 1 2 3 5 6 7 8 9 10 11 12 | 12.3
Axes           | 1 2 3 5 6 7 8 9 10 11 12 | 12.3
Maces & Flails | 1 2 3 5 6 7 8 9 10 11 12 | 12.3
Polearms       | 1 2 3 5 6 7 8 9 10 11 12 | 12.3
Staves         | 1 2 3 5 6 7 8 9 10 11 12 | 12.3
Slings         | 1 2 3 5 6 7 8 9 10 11 12 | 12.3
Bows           | 1 2 3 5 6 7 8 9 10 11 12 | 12.3
Crossbows      | 1 2 3 5 6 7 8 9 10 11 12 | 12.3
Throwing       | 1 2 3 5 6 7 8 9 10 11 12 | 12.3
Armour         | 1 2 3 5 6 7 8 9 10 11 12 | 12.3
Shields        | 1 2 3 5 6 7 8 9 10 11 12 | 12.3
Unarmed Combat | 1 2 3 5 6 7 8 9 10 11 12 | 12.3
Evocations     | 1 2 3 5 6 7 8 9 10 11 12 | 12.3
Conjurations   | 1 2 3 4 5 6 7 8 9 10 | 10.5
Hexes          | 1 2 3 4 5 6 7 8 9 10 | 10.5
Summonings     | 1 2 3 4 5 6 7 8 9 10 | 10.5
Necromancy     | 1 2 3 4 5 6 7 8 9 10 | 10.5
Translocations | 1 2 3 4 5 6 7 8 9 10 | 10.5
Fire Magic     | 1 2 3 4 5 6 7 8 9 10 | 10.5
Ice Magic      | 1 2 3 4 5 6 7 8 9 10 | 10.5
Air Magic      | 1 2 3 4 5 6 7 8 9 10 | 10.5
Poison Magic   | 1 2 3 4 5 6 7 8 9 10 | 10.5
Dodging        | 5 6 7 8 9 10 11 12 13 | 13.0
Stealth        | 5 6 7 8 9 10 11 12 | 12.9
Earth Magic    | 6 7 8 9 10 11 | 11.7

Action                   |  1- 3 |  4- 6 |  7- 9 | 10-12 | 13-15 | 16-18 || total
-------------------------+-------+-------+-------+-------+-------+-------++-------
Melee: Dagger            |   100 |   131 |    57 |       |       |       ||   288
       Unarmed           |     6 |       |       |       |       |       ||     6
       Bite              |     9 |     7 |     7 |    48 |   129 |    77 ||   277
       Flail             |       |       |    35 |       |       |       ||    35
       Long sword        |       |       |    11 |   160 |   368 |   233 ||   772
       Punch             |       |       |       |    14 |    55 |     5 ||    74
       Headbutt          |       |       |       |       |       |   109 ||   109
 Cast: Sandblast         |    12 |    37 |    73 |    46 |       |       ||   168
       Stone Arrow       |       |     2 |    36 |    76 |   129 |    47 ||   290
       Wereblood         |       |     2 |     1 |     8 |    15 |     2 ||    28
       Olgreb's Toxic Ra |       |       |       |    36 |    51 |    19 ||   106
       Passwall          |       |       |       |     2 |     2 |     1 ||     5
       Tukima's Dance    |       |       |       |     2 |       |       ||     2
       Irradiate         |       |       |       |     5 |    53 |    91 ||   149
       Statue Form       |       |       |       |       |    11 |    37 ||    48
       Ozocubu's Armour  |       |       |       |       |     5 |       ||     5
       Invisibility      |       |       |       |       |     1 |       ||     1
Evoke: Wand              |       |       |       |     6 |       |       ||     6
       Tin of tremorston |       |       |       |       |     1 |       ||     1
       Condenser vane    |       |       |       |       |     1 |       ||     1
  Use: Scroll            |     5 |     3 |     7 |     3 |    10 |     1 ||    29
       Potion            |       |     1 |     3 |     3 |     5 |     6 ||    18
 Stab: Sleeping          |     9 |     6 |     3 |     2 |    13 |    12 ||    45
       Distracted        |       |       |     1 |       |     2 |       ||     3
       Invisible         |       |       |       |       |     2 |       ||     2
Armor: Robe              |    27 |    22 |    21 |    34 |       |       ||   104
       Acid dragon scale |       |       |       |   108 |   107 |    14 ||   229
       Skin              |       |       |       |       |    51 |   191 ||   242
Dodge: Dodged            |    64 |    72 |    95 |   378 |   813 |   456 ||  1878
Block: Buckler           |       |       |       |       |       |   419 ||   419
       Reflection        |       |       |       |       |       |    29 ||    29
       Rpst.: Long sword |       |       |     2 |   101 |   202 |   105 ||   410
